 Dungeon Crawl Stone Soup version 0.26.0-10-g1f06aea511 (webtiles) character file.

Game seed: 11770908546732734933

170 Dracia the Shooter (level 5, 0/61 HPs)
             Began as a Gnoll Wanderer on Jan 15, 2021.
             Succumbed to an adder's poison
             ... on level 3 of the Dungeon.
             The game lasted 00:06:56 (3210 turns).

Dracia the Shooter (Gnoll Wanderer)                 Turns: 3210, Time: 00:06:57

Health: 0/61       AC: 22    Str: 14    XL:     5   Next: 51%
Magic:  2/7        EV:  2    Int: 14    God:
Gold:   148        SH:  0    Dex: 16    Spells: 7/7 levels left

rFire    + . .     SeeInvis .   f - -3 mace (curse)
rCold    . . .     Faith    .   (no shield)
rNeg     + + +     Spirit   +   (armour currently unavailable)
rPois    +         Reflect  .   (helmet currently unavailable)
rElec    .         Harm     .   (cloak currently unavailable)
rCorr    .         Rampage  .   (gloves currently unavailable)
Will     .....     NoTele   +   (boots currently unavailable)
Stlth    +++.......             G - amulet of guardian spirit
HPRegen  0.20/turn              F - ring of protection from fire
MPRegen  0.10/turn              Q - ring of stealth

@: lethally poisoned (0 -> -4), tree-form, very slightly contaminated, invisible
A: distributed training, strong nose
a: no special abilities


You were on level 3 of the Dungeon.
You were a tree.
You visited 1 branch of the dungeon, and saw 3 of its levels.

You collected 148 gold pieces.


Innate Abilities, Weirdness & Mutations

Your experience applies equally to all skills.
((You have very sharp teeth.))
Your uncanny sense of smell can sniff out nearby items.


   Skills:
 + Level 3.0 Fighting
 + Level 1.5 Short Blades
 + Level 1.5 Long Blades
 + Level 1.5 Axes
 + Level 1.5 Maces & Flails
 + Level 1.5 Polearms
 + Level 1.5 Staves
 + Level 1.5 Slings
 + Level 6.7 Bows
 + Level 4.8 Crossbows
 + Level 3.0 Throwing
 + Level 4.8 Armour
 + Level 1.5 Dodging
 + Level 1.5 Stealth
 + Level 1.5 Shields
 + Level 1.5 Unarmed Combat
 + Level 1.5 Spellcasting
 + Level 1.2 Conjurations
 + Level 1.2 Hexes
 + Level 1.2 Summonings
 + Level 1.2 Necromancy
 + Level 1.2 Translocations
 + Level 1.2 Transmutations
 + Level 1.2 Fire Magic
 + Level 1.2 Ice Magic
 + Level 1.2 Air Magic
 + Level 1.2 Earth Magic
 + Level 1.2 Poison Magic
 + Level 1.7 Invocations
 + Level 3.0 Evocations


You had 7 spell levels left.
You didn't know any spells.
Your spell library was empty.

Inventory:

Hand Weapons
 a - a +2 shortbow
 b - a +0 mace of holy wrath
 d - a +0 hand crossbow
 e - a +2 whip of flaming
 f - a cursed -3 mace (weapon)
Missiles
 c - 60 bolts
 g - 39 arrows
Armour
 k - a +1 leather armour of cold resistance (melded)
Jewellery
 F - a ring of protection from fire (left branch)
 G - an amulet of guardian spirit (around neck)
 Q - a ring of stealth (right branch)
Scrolls
 n - a scroll of identify {@r1@r1}
Potions
 l - a potion of lignification

Dungeon Overview and Level Annotations

Branches:
Dungeon (3/15)

Altars:

############ #..........#
#..........# #.♣........#..
... ######..†###......
#...##...... #####...#
...#'### ........# .......
....... ........# ......
........ ........#####.....
........ ..........).......
.......<###############.#.#


There were no monsters in sight!


Message History

You feel sick. The adder barely misses you.
The adder bites you but does no damage.
You barely miss the adder.
The adder is almost dead.
* * * LOW HITPOINT WARNING * * *
You feel sick. The adder bites you but does no damage.
You closely miss the adder.
The adder is almost dead.
* * * LOW HITPOINT WARNING * * *
You feel sick. The adder bites you.
* * * LOW HITPOINT WARNING * * *
The adder bites you but does no damage.
You closely miss the adder.
The adder is almost dead.
* * * LOW HITPOINT WARNING * * *
You feel sick.
The adder bites you but does no damage. x2
You closely miss the adder.
The adder is almost dead.
* * * LOW HITPOINT WARNING * * *
You feel sick. The adder bites you but does no damage.
Unknown command.
It was a potion of invisibility.
You fade into invisibility!
* * * LOW HITPOINT WARNING * * *
You feel sick.
The adder bites you but does no damage. x2
You are very lightly contaminated with residual magic.
You strike the helpless adder from behind!
You hit the adder.
You kill the adder!
You die...

Skill      XL: |  1  2  3  4  5 |
---------------+----------------+-----
Invocations    | 1 |  1.7
Short Blades   | 1 |  1.5
Long Blades    | 1 |  1.5
Axes           | 1 |  1.5
Maces & Flails | 1 |  1.5
Polearms       | 1 |  1.5
Staves         | 1 |  1.5
Slings         | 1 |  1.5
Dodging        | 1 |  1.5
Stealth        | 1 |  1.5
Shields        | 1 |  1.5
Unarmed Combat | 1 |  1.5
Spellcasting   | 1 |  1.5
Conjurations   | 1 |  1.2
Hexes          | 1 |  1.2
Summonings     | 1 |  1.2
Necromancy     | 1 |  1.2
Translocations | 1 |  1.2
Transmutations | 1 |  1.2
Fire Magic     | 1 |  1.2
Ice Magic      | 1 |  1.2
Air Magic      | 1 |  1.2
Earth Magic    | 1 |  1.2
Poison Magic   | 1 |  1.2
Fighting       | 3 |  3.0
Throwing       | 3 |  3.0
Evocations     | 3 |  3.0
Bows           | |  6.7
Crossbows      | |  4.8
Armour         | |  4.8

Action                   |  1- 3 |  4- 6 || total
-------------------------+-------+-------++-------
Melee: Dagger            |   115 |       ||   115
       Bite              |    11 |    27 ||    38
       Mace              |       |   207 ||   207
       Punch             |       |     2 ||     2
 Fire: Shortbow          |    30 |     5 ||    35
  Use: Potion            |     4 |     2 ||     6
       Scroll            |       |     6 ||     6
 Stab: Sleeping          |     2 |     2 ||     4
       Invisible         |       |     1 ||     1
Armor: Ring mail         |    32 |       ||    32
       Leather armour    |    13 |   118 ||   131
       Skin              |       |    10 ||    10
Dodge: Dodged            |    65 |   214 ||   279

Levels and vault maps discovered:
D:1:      wander_arrival_fairy_ring, layout_basic,
          amcnicky_mini_corridor_feature
D:2:      layout_rooms, uniq_jessica
D:3:      layout_basic

Notes
Turn   | Place    | Note
-------+----------+-------------------------------------------
     0 | D:1      | Dracia the Gnoll Wanderer began the quest for the Orb.
     0 | D:1      | Dracia set off with the following items: a +2 shortbow, 24
                  | arrows, a +0 hand crossbow, 28 bolts, a +0 ring mail
     0 | D:1      | Reached XP level 1. HP: 17/17 MP: 1/1
   137 | D:1      | Reached XP level 2. HP: 18/23 MP: 2/2
   621 | D:1      | Reached XP level 3. HP: 28/28 MP: 3/3
  1065 | D:2      | Reached skill level 1 in Invocations
  1158 | D:2      | Reached skill level 1 in Short Blades
  1158 | D:2      | Reached skill level 1 in Long Blades
  1158 | D:2      | Reached skill level 1 in Axes
  1158 | D:2      | Reached skill level 1 in Maces & Flails
  1158 | D:2      | Reached skill level 1 in Polearms
  1158 | D:2      | Reached skill level 1 in Staves
  1158 | D:2      | Reached skill level 1 in Slings
  1158 | D:2      | Reached skill level 1 in Dodging
  1158 | D:2      | Reached skill level 1 in Stealth
  1158 | D:2      | Reached skill level 1 in Shields
  1158 | D:2      | Reached skill level 1 in Unarmed Combat
  1158 | D:2      | Reached skill level 1 in Spellcasting
  1354 | D:2      | Reached XP level 4. HP: 24/34 MP: 3/5
  1775 | D:2      | Noticed Jessica
  1778 | D:2      | Killed Jessica
  1779 | D:2      | Reached skill level 1 in Conjurations
  1779 | D:2      | Reached skill level 1 in Hexes
  1779 | D:2      | Reached skill level 1 in Summonings
  1779 | D:2      | Reached skill level 1 in Necromancy
  1779 | D:2      | Reached skill level 1 in Translocations
  1779 | D:2      | Reached skill level 1 in Transmutations
  1779 | D:2      | Reached skill level 1 in Fire Magic
  1779 | D:2      | Reached skill level 1 in Ice Magic
  1779 | D:2      | Reached skill level 1 in Air Magic
  1779 | D:2      | Reached skill level 1 in Earth Magic
  1779 | D:2      | Reached skill level 1 in Poison Magic
  2262 | D:3      | Reached XP level 5. HP: 36/40 MP: 4/6
  2452 | D:3      | Reached skill level 3 in Fighting
  2452 | D:3      | Reached skill level 3 in Throwing
  2452 | D:3      | Reached skill level 3 in Evocations
  3204 | D:3      | HP: 5/61 [poisoned by an adder]
  3207 | D:3      | HP: 2/61 [poisoned by an adder]
  3210 | D:3      | Succumbed to an adder's poison

Vanquished Creatures
  An orc wizard (D:3)
  Jessica (D:2)
  3 adders
  3 oozes
  2 worms
  2 leopard geckos
  2 orcs (D:3)
  2 ball pythons
  6 giant cockroaches
  6 goblins
  6 hobgoblins
  14 jackals
  A quokka (D:3)
  6 bats
  3 frilled lizards (D:1)
  5 kobolds
  8 rats
71 creatures vanquished.

Table legend: (Time is in decaauts)
 A = Elapsed time spent in this place.
 B = Non-inter-level travel time spent in this place.
 C = Inter-level travel time spent in this place.
 D = Time resting spent in this place.
 E = Time spent auto-exploring this place.
 F = Levels seen in this place.
 G = Mean time per level.
                   A        B        C        D        E       F      G
               +--------+--------+--------+--------+--------+-----+--------+
         Total |   3273 |   3135 |    138 |    553 |   1790 |   3 | 1091.0 |
       Dungeon |   3273 |   3135 |    138 |    553 |   1790 |   3 | 1091.0 |
               +--------+--------+--------+--------+--------+-----+--------+

Top non-repeatable levels by time:
     D:2: 1220 daAuts
     D:3: 1047 daAuts
     D:1: 1005 daAuts

Table legend:
 A = Non-vault XP
 B = Vault XP
 C = Vault XP percentage of total XP
 D = Non-vault monster count
 E = Vault monster count
 F = Vault count percentage of total count
                 A         B        C        D         E       F
            +---------+---------+-------+---------+---------+-------
      Total |     220 |      37 |  14.4 |      70 |       1 |   1.4
            +---------+---------+-------+---------+---------+-------
        D:1 |      39 |       0 |   0.0 |      22 |       0 |   0.0
        D:2 |      84 |      37 |  30.6 |      25 |       1 |   3.8
        D:3 |      97 |       0 |   0.0 |      23 |       0 |   0.0
            +---------+---------+-------+---------+---------+-------
